 Dungeon Crawl Stone Soup version 0.27-a0-1281-ge233d83751 (webtiles) character file.

Game seed: 17288106832443803617

5589 freelancePsychic the Orthodox (level 11, -4/84 HPs)
             Began as a Human Ice Elementalist on June 13, 2021.
             Was an Elder of Zin.
             Killed from afar by a gargoyle (20 damage)
             ... with a stone arrow
             ... on level 9 of the Dungeon.
             The game lasted 00:29:29 (12832 turns).

freelancePsychic the Orthodox (HuIE)               Turns: 12832, Time: 00:29:30

Health: -4/84      AC:  8    Str:  8    XL:     11   Next: 2%
Magic:  13/17      EV: 12    Int: 20    God:    Zin [****..]
Gold:   454        SH:  0    Dex: 13    Spells: 7/14 levels left

rFire    + . .     SeeInvis .   a - +3 trident (venom)
rCold    . . .     Faith    .   (no shield)
rNeg     . . .     Spirit   .   C - +0 ring mail
rPois    .         Reflect  .   (no helmet)
rElec    .         Harm     .   (no cloak)
rCorr    .         Rampage  .   (no gloves)
Will     +....                  q - +2 pair of boots
Stlth    +.........             (no amulet)
HPRegen  0.24/turn              j - ring of protection from fire
MPRegen  0.15/turn              B - ring of willpower

@: on recite cooldown
A: no striking features
a: Renounce Religion, Recite, Vitalisation, Imprison, Donate Gold


You were on level 9 of the Dungeon.
You worshipped Zin.
Zin was greatly pleased with you.
You visited 1 branch of the dungeon, and saw 9 of its levels.
You also visited: Sewer.

You collected 504 gold pieces.
You donated 50 gold pieces to Zin.

Inventory:

Hand Weapons
 a - a +3 trident of venom (weapon)
 c - a +0 spear
 t - a +0 trident
 H - a +0 glaive
Missiles
 D - 3 curare-tipped darts
Armour
 o - a +0 leather armour
 q - a +2 pair of boots (worn)
 v - a +1 robe
 C - a +0 ring mail (worn)
Magical Staves
 b - a staff of cold
Jewellery
 j - a ring of protection from fire (left hand)
 B - a ring of willpower (right hand)
 F - a ring of fire
 G - a ring of fire
Wands
 p - a wand of iceblast (25)
 y - a wand of digging (3)
Scrolls
 h - 2 scrolls of enchant armour
 l - a scroll of teleportation {@r4}
 s - a scroll of immolation
 w - a scroll of fear {unknown}
Potions
 d - 8 potions of heal wounds {@q2}
 f - 3 potions of might {unknown}
 g - a potion of berserk rage {unknown}
 i - 4 potions of curing {unknown}
 k - 2 potions of brilliance {unknown}
 m - a potion of lignification {unknown}
 n - a potion of attraction {unknown}
 r - 4 potions of flight {unknown}
 x - 3 potions of haste {unknown}
 z - a potion of cancellation {unknown}


   Skills:
 * Level 7.2 Fighting
 - Level 6.0 Polearms
 * Level 7.3 Dodging
 - Level 2.0 Stealth
 - Level 2.1 Spellcasting
 - Level 7.1 Ice Magic
 + Level 9.1 Invocations


You had 7 spell levels left.
You knew the following spells:

 Your Spells              Type           Power      Damage    Failure   Level
a - Freeze                Ice            100%       1d11      2%          1
b - Frozen Ramparts       Ice            60%        1d8       8%          3
c - Ozocubu's Armour      Ice            30%        N/A       8%          3

Your spell library contained the following spells:

 Spells                   Type           Power      Damage    Failure   Level
 Hailstorm                Conj/Ice       16%        3d6       73%         4
 Metabolic Englaciation   Hex/Ice        8%         N/A       97%         5


Dungeon Overview and Level Annotations

Branches:
Dungeon (9/15)             Temple (0/1) D:7           Sewer (visited)
   Lair: D:8-11         Orc: D:9-12

Altars:
Ashenzari
Elyvilon
Hepliaklqana
Kikubaaqudgha
Nemelex Xobeh
Sif Muna
Trog
Wu Jian
Yredelemnul
Zin
The Shining One

Shops:
D:1 ?   D:9 *

Annotations:
D:6 2 runed translucent doors, Bimmylee's ghost, novice DjGl
D:9 Joseph


Message History

You hit the two-headed ogre.
The two-headed ogre looks as sick as possible!
The two-headed ogre is moderately wounded.
The wall freezes the two-headed ogre.
The two-headed ogre hits you with a +0 giant club!
The two-headed ogre barely misses you.
You hit the two-headed ogre but do no damage.
The two-headed ogre looks as sick as possible!
The two-headed ogre is moderately wounded.
The wall freezes the two-headed ogre.
The two-headed ogre hits you with a +0 giant club!
The two-headed ogre misses you.
You clear your throat and prepare to recite. "And lo, the wrath of Zin did find..."
The wall freezes the two-headed ogre.
The two-headed ogre closely misses you.
The two-headed ogre hits you with a +0 giant spiked club.
You hit the two-headed ogre.
The two-headed ogre is severely wounded. "...them wherever they hid, and the hordes of the Abyss..."
You hit the two-headed ogre.
The two-headed ogre looks as sick as possible!
The two-headed ogre is almost dead. "...were censured for their chaos!"
You finish reciting Apostates 15:4.
The wall freezes the two-headed ogre.
The two-headed ogre completely misses you.
The two-headed ogre hits you with a +0 giant spiked club!!
* * * LOW HITPOINT WARNING * * *
You puncture the two-headed ogre!
You kill the two-headed ogre!
Your Fighting skill increases to level 7!
Your Dodging skill increases to level 7!
You have reached level 11!
Your icy armour and frozen ramparts will break if you move.
Continue?
Your icy armour cracks and falls away as you move.
The frozen ramparts melt away as you move.
There is an open door here.
The gargoyle hurls a stone arrow at you.
The stone arrow hits you!!
You die...

.....)##.# #..........#
.8....##.### #######.........#
.....'##...## #...[.#########'#
9....#8#....# #................
....'###....# #................
'9+##8#..9..# #................
###)###.....# #................
#####......######................
......#....#....@................
......#....'9....########'#######
......#....#.....#..........#
......######.....#........(.#
.................#..........#
.................#...<......#
.................#....#.....#
.................######....##
......###'######## #.####


You could see a gargoyle.

Vanquished Creatures
  A two-headed ogre (D:9)
  An ugly thing (D:9)
  2 gargoyles (D:9)
  A troll (D:9)
  Prince Ribbit (D:5)
  2 water moccasins
  3 orc warriors
  3 sky beasts (D:5)
  An ice beast (D:6)
  A black bear (D:5)
  A hornet zombie (D:8)
  2 ogres
  4 centaurs
  2 bullfrogs
  4 scorpions
  5 killer bees (D:7)
  2 howler monkeys
  A bullfrog zombie (D:5)
  7 crimson imps (D:8)
  A centaur zombie (D:9)
  3 jellies
  A bullfrog skeleton (D:5)
  A gnoll shaman (D:6)
  3 orc priests
  5 hounds
  Natasha (D:3)
  3 iguanas
  7 orc wizards
  A hound skeleton (D:4)
  A howler monkey zombie (D:5)
  5 gnolls (D:6)
  3 howler monkey skeletons
  12 adders
  4 river rats (Sewer)
  3 white imps
  An ufetubus (D:6)
  2 adder skeletons (D:4)
  5 worms
  2 dart slugs
  20 orcs
  9 endoplasms
  5 giant cockroaches
  9 goblins
  9 hobgoblins
  10 jackals
  4 quokkas
  9 ball pythons
  5 bats
  2 frilled lizards
  13 kobolds
  17 rats
220 creatures vanquished.

Vanquished Creatures (others)
  12 plants (D:2)
12 creatures vanquished.

Grand Total: 232 creatures vanquished

Notes
Turn   | Place    | Note
-------+----------+-------------------------------------------
     0 | D:1      | freelancePsychic the Human Ice Elementalist began the quest
                  | for the Orb.
     0 | D:1      | Reached XP level 1. HP: 13/13 MP: 3/3
   169 | D:1      | Reached XP level 2. HP: 17/19 MP: 1/5
   353 | D:1      | Found a faded altar of an unknown god.
   610 | D:1      | Reached XP level 3. HP: 24/24 MP: 6/6
   624 | D:1      | Learned a level 3 spell: Frozen Ramparts
   690 | D:1      | Became a worshipper of the Shining One
   690 | D:1      | Reached * piety under the Shining One
   906 | D:1      | Reached skill level 1 in Polearms
   984 | D:1      | Found Irevavu's Magic Scroll Shoppe.
  1702 | D:2      | Reached XP level 4. HP: 18/30 MP: 1/7
  1840 | D:2      | Reached skill level 5 in Ice Magic
  3127 | D:3      | Reached XP level 5. HP: 34/35 MP: 4/8
  3278 | D:3      | Found a glowing silver altar of Zin.
  3290 | D:3      | Fell from the grace of the Shining One
  3290 | D:3      | Became a worshipper of Zin the Law-Giver
  3317 | D:3      | Reached skill level 1 in Fighting
  3551 | D:4      | Reached XP level 6. HP: 41/43 MP: 7/9
  3589 | D:4      | Noticed an ogre
  3660 | D:4      | Noticed Natasha
  3669 | D:3      | Killed Natasha
  3670 | D:3      | Reached skill level 1 in Invocations
  3743 | D:4      | Reached * piety under Zin
  3827 | D:5      | Entered Level 5 of the Dungeon
  3858 | D:5      | Noticed a sky beast
  3878 | D:5      | Killed a sky beast
  3990 | D:5      | Reached skill level 2 in Invocations
  3990 | D:5      | Reached XP level 7. HP: 51/51 MP: 5/10
  4054 | D:5      | Noticed Prince Ribbit
  4081 | D:5      | Killed Prince Ribbit
  4082 | D:5      | Reached skill level 3 in Invocations
  4316 | D:5      | Found a broken altar of Ashenzari.
  4316 | D:5      | Found a hazy altar of Hepliaklqana.
  4318 | D:5      | Found an ancient bone altar of Kikubaaqudgha.
  4318 | D:5      | Found a bloodstained altar of Trog.
  4320 | D:5      | Found a white marble altar of Elyvilon.
  4320 | D:5      | Found a glowing silver altar of Zin.
  4349 | D:5      | Reached XP level 8. HP: 50/58 MP: 11/11
  4546 | D:5      | Reached skill level 4 in Invocations
  4562 | D:5      | Learned a level 3 spell: Ozocubu's Armour
  4815 | D:5      | Reached ** piety under Zin
  4856 | D:5      | Reached skill level 5 in Invocations
  5401 | D:4      | Reached skill level 6 in Invocations
  5401 | D:4      | Reached XP level 9. HP: 64/65 MP: 9/13
  5443 | D:4      | Found a sparkling altar of Nemelex Xobeh.
  5792 | D:4      | Reached skill level 5 in Polearms
  6734 | D:6      | Found a shimmering blue altar of Sif Muna.
  6740 | D:6      | Reached skill level 7 in Invocations
  6795 | D:6      | Found a glowing drain.
  6806 | Sewer    | Entered a sewer
  7564 | D:6      | Found a runed translucent door.
  7566 | D:6      | Noticed Bimmylee's ghost (novice DjGl)
  7886 | D:6      | Found an ornate altar of the Wu Jian Council.
  8086 | D:6      | Found a basalt altar of Yredelemnul.
  8576 | D:6      | Found a runed translucent door.
  8765 | D:7      | Found a staircase to the Ecumenical Temple.
  9423 | D:7      | Reached skill level 5 in Fighting
  9425 | D:7      | Reached XP level 10. HP: 62/74 MP: 9/15
  9649 | D:8      | Reached skill level 8 in Invocations
  9713 | D:8      | Identified a scroll of acquirement
  9713 | D:8      | Acquired a staff of cold
 10256 | D:8      | Reached skill level 5 in Dodging
 10316 | D:8      | Reached *** piety under Zin
 10316 | D:8      | Reached **** piety under Zin
 10861 | D:9      | Noticed a cyan ugly thing
 10874 | D:9      | Killed a white ugly thing
 11591 | D:9      | Noticed a two-headed ogre
 11695 | D:9      | Noticed Joseph
 11855 | D:9      | Identified the +0 ring mail "Qeoff" {rF- Will+ Stlth+}
 12104 | D:9      | Found Jaonuqeq's Demolitions Depot.
 12160 | D:9      | Noticed a gargoyle
 12169 | D:9      | Killed a gargoyle
 12436 | D:9      | Reached ***** piety under Zin
 12445 | D:9      | Noticed a gargoyle
 12449 | D:9      | Noticed a gargoyle
 12449 | D:9      | Noticed a gargoyle
 12451 | D:9      | Killed a gargoyle
 12452 | D:9      | Reached skill level 9 in Invocations
 12817 | D:9      | Killed a two-headed ogre
 12818 | D:9      | Reached XP level 11. HP: 12/84 MP: 11/17
 12832 | D:9      | Killed from afar by a gargoyle

Illustrated notes

Levels and vault maps discovered:
D:1:      dpeg_arrival_circle_labyrinth_a, layout_basic, serial_shops,
          nicolae_shop_temple_entry_statues_fountains,
          ebering_ecumenical_altar_rust, minmay_rat_gold_closets
D:2:      layout_rooms, serial_forest, infiniplex_forest_clump_tiny,
          infiniplex_forest_lined_2, infiniplex_forest_zigzag_1,
          infiniplex_forest_clump_C, infiniplex_forest_join,
          infiniplex_forest_clump_large
D:3:      layout_rooms, amcnicky_mini_rare_corridor_liquid,
          kennysheep_flooded_box
D:4:      layout_loops_ring, lemuel_tele_altar, chequers_decorated_corner,
          minmay_circle_x, uniq_natasha
D:5:      minmay_angry_zag, layout_rooms, grunt_temple_overflow_open,
          guppyfry_early_orc_mine, uniq_prince_ribbit1
D:6:      layout_gridville, lemuel_crystal_altar,
          nicolae_overflow_hidden_temple, lemuel_round_altar,
          gup_sewer_entry_bubbles, ebering_ghost_sewer_f
D:7:      layout_basic, minmay_temple_entry_drinking_statues
D:8:      layout_loops_ring, minmay_nine_imps
D:9:      cheibrodos_statue_roulette, layout_gridville, nicolae_blasting_shop,
          uniq_joseph

Skill      XL: |  1  2  3  4  5  6  7  8  9 10 |
---------------+-------------------------------+-----
Polearms       | 1 2 4 6 |  6.0
Ice Magic      | 5 6 7 |  7.1
Fighting       | 1 2 3 5 7 |  7.2
Invocations    | 2 3 6 7 9 |  9.1
Dodging        | 4 7 |  7.3
Stealth        | |  2.0
Spellcasting   | |  2.1

Action                   |  1- 3 |  4- 6 |  7- 9 | 10-12 || total
-------------------------+-------+-------+-------+-------++-------
Melee: Spear             |    85 |   129 |    49 |       ||   263
       Trident           |       |       |   229 |    99 ||   328
 Cast: Freeze            |    20 |    13 |     2 |     1 ||    36
       Frozen Ramparts   |       |    10 |    37 |    15 ||    62
       Ozocubu's Armour  |       |       |    23 |    12 ||    35
Invok: Recite            |       |     1 |    14 |    12 ||    27
  Use: Scroll            |       |     4 |     3 |     7 ||    14
       Potion            |       |     1 |     2 |     1 ||     4
 Stab: Sleeping          |     5 |     1 |     3 |       ||     9
       Confused          |       |       |     1 |     1 ||     2
       Invisible         |       |       |     1 |       ||     1
Armor: Robe              |    17 |    19 |    55 |       ||    91
       Ring mail         |       |       |     9 |    32 ||    41
Dodge: Dodged            |    54 |    73 |   133 |    53 ||   313

Table legend: (Time is in decaauts)
 A = Elapsed time spent in this place.
 B = Non-inter-level travel time spent in this place.
 C = Inter-level travel time spent in this place.
 D = Time resting spent in this place.
 E = Time spent auto-exploring this place.
 F = Levels seen in this place.
 G = Mean time per level.
                   A        B        C        D        E       F      G
               +--------+--------+--------+--------+--------+-----+--------+
         Total |  12946 |  12530 |    416 |   1304 |   9302 |  10 | 1294.6 |
       Dungeon |  12196 |  11780 |    416 |   1151 |   8963 |   9 | 1355.1 |
         Sewer |    750 |    750 |      0 |    153 |    338 |   1 |  750.0 |
               +--------+--------+--------+--------+--------+-----+--------+

Top non-repeatable levels by time:
     D:9: 2134 daAuts
     D:5: 1582 daAuts
     D:6: 1415 daAuts
     D:4: 1402 daAuts
     D:2: 1382 daAuts
     D:1: 1216 daAuts
     D:7: 1069 daAuts
     D:3: 1005 daAuts
     D:8: 987 daAuts
   Sewer: 750 daAuts
